AoeStats
← Lilliandil

Arena

508171774Analyzed
4v4 RM · 12d ago on Sep 21, 2026· 37m 34s· 8 players
Game mode
Random Map
Map size
Large (8 player)
Population
200
Speed
Normal
Resources
Standard
Victory
Conquest
Starting age
Dark Age
Ending age
Imperial Age
RankedLock teamsTeams togetherTeam positionsShared explorationLock speedFull tech treeHidden civsTurbo modeCheats
Victory
Defeat
🇮🇳 Magyars · India
1231
+14
🇺🇸 Hindustanis · United States
1215
+15
🇨🇷 Georgians · Costa Rica
1179
+16
🇦🇺 Ethiopians · Australia
1131
+18
🇨🇳 Vietnamese · China
1255
-18
🇨🇳 Poles · China
1197
-16
🇨🇳 Burgundians · China
1194
-16
🇨🇳 Magyars · China
1106
-13
阿酷丶
11:31 Feudal Age
9:47 Loom
15:30 Castle Age
13:32 Double-Bit Axe
14:24 Horse Collar
15:20 Wheelbarrow
16:48 Bow Saw
26:50 Fletching
27:00 Padded Archer Armor
26:55 Gold Mining
30:09 Imperial Age
27:55 Hand Cart
29:05 Heavy Plow
29:44 Ballistics
29:11 Crossbowman
29:55 Chatras
30:05 Bodkin Arrow
30:25 Leather Archer Armor
29:34 Elite Skirmisher
30:23 Squires
30:09 Arson
29:45 Pikeman
30:28 Scale Mail Armor
30:38 Forging
31:23 Paper Money
32:27 Two-Man Saw
32:09 Crop Rotation
31:35 Halberdier
31:50 Arbalester
34:32 Thumb Ring
35:33 Bracer
36:03 Ring Archer Armor
36:09 Iron Casting
35:50 Chain Mail Armor
35:46 Imperial Skirmisher
37:32 Chemistry
38:08 Fortified Wall
不知天上水
8:29 Double-Bit Axe
10:51 Feudal Age
14:44 Castle Age
13:07 Bow Saw
12:46 Horse Collar
15:49 Heavy Plow
24:01 Gold Mining
25:58 Wheelbarrow
29:14 Imperial Age
27:10 Hand Cart
27:51 Town Watch
27:52 Loom
28:15 Scale Barding Armor
28:21 Forging
28:13 Padded Archer Armor
29:41 Crop Rotation
30:14 Two-Man Saw
29:51 Gold Shaft Mining
29:06 Stone Mining
29:45 Chain Barding Armor
29:28 Treadmill Crane
30:09 Ballistics
31:58 Chemistry
30:24 Cavalier
31:04 Husbandry
32:14 Plate Barding Armor
32:15 Iron Casting
31:55 Leather Archer Armor
32:20 Stone Shaft Mining
32:01 Paladin
34:09 Burgundian Vineyards
34:27 Conscription
37:10 Blast Furnace
精锐数字
10:56 Feudal Age
14:58 Castle Age
13:01 Double-Bit Axe
13:00 Horse Collar
16:36 Heavy Plow
20:59 Bow Saw
22:28 Wheelbarrow
22:32 Stone Mining
22:33 Gold Mining
24:12 Stone Shaft Mining
27:07 Treadmill Crane
27:41 Scale Barding Armor
27:46 Forging
30:33 Imperial Age
28:21 Hand Cart
27:51 Loom
29:06 Chain Barding Armor
28:53 Szlachta Privileges
29:02 Town Watch
29:32 Bloodlines
29:22 Husbandry
30:00 Iron Casting
30:58 Ballistics
30:31 Fletching
30:42 Padded Archer Armor
30:36 Crossbowman
31:22 Thumb Ring
31:51 Conscription
32:07 Hoardings
31:57 Caravan
31:54 Bodkin Arrow
33:00 Blast Furnace
33:02 Crop Rotation
32:01 Cavalier
32:07 Arbalester
Joker_xuechen
11:09 Feudal Age
14:55 Castle Age
12:53 Double-Bit Axe
13:23 Horse Collar
DUDA
9:59 Feudal Age
10:23 Feudal Age
14:08 Castle Age
12:09 Double-Bit Axe
12:33 Horse Collar
16:05 Bow Saw
19:10 Wheelbarrow
21:19 Hand Cart
21:08 Gold Mining
21:27 Loom
23:18 Fervor
27:44 Imperial Age
25:48 Heavy Plow
26:02 Scale Barding Armor
26:08 Forging
26:10 Town Watch
26:32 Husbandry
26:43 Bloodlines
27:32 Chain Barding Armor
28:46 Gold Shaft Mining
28:02 Stone Mining
27:57 Heavy Camel Rider
29:31 Iron Casting
30:54 Chemistry
30:33 Plate Barding Armor
31:37 Blast Furnace
31:17 Imperial Camel Rider
32:48 Loom
35:54 Siege Engineers
36:10 Ballistics
zucs
10:51 Feudal Age
14:46 Castle Age
12:39 Double-Bit Axe
13:08 Horse Collar
15:53 Wheelbarrow
16:05 Bow Saw
16:35 Heavy Plow
17:05 Stone Mining
21:55 Gold Mining
23:24 Hand Cart
24:39 Gold Shaft Mining
25:10 Loom
29:02 Imperial Age
27:47 Fletching
27:57 Padded Archer Armor
28:51 Bodkin Arrow
30:02 Ballistics
30:44 Chemistry
30:01 Bracer
30:24 Conscription
31:00 Parthian Tactics
31:20 Recurve Bow
31:36 Thumb Ring
31:46 Scale Barding Armor
32:35 Heavy Cavalry Archer
34:02 Chain Barding Armor
35:00 Bloodlines
34:51 Husbandry
36:14 Crop Rotation
36:46 Two-Man Saw
36:44 Leather Archer Armor
37:25 Elite Magyar Huszar
Lilliandil
4:57 Loom
10:47 Feudal Age
14:43 Castle Age
14:31 Double-Bit Axe
14:30 Horse Collar
16:18 Bow Saw
16:17 Town Watch
17:19 Wheelbarrow
17:41 Wheelbarrow
22:09 Heavy Plow
23:53 Gold Mining
24:54 Hand Cart
26:20 Caravan
29:33 Imperial Age
27:50 Forging
27:41 Scale Mail Armor
27:31 Fletching
28:07 Ballistics
31:36 Two-Man Saw
31:55 Chemistry
30:35 Heavy Scorpion
30:51 Halberdier
31:31 Squires
31:16 Arson
32:07 Iron Casting
31:48 Chain Mail Armor
36:16 Torsion Engines
36:37 Conscription
36:28 Siege Engineers
seantairs
10:40 Feudal Age
11:31 Loom
14:36 Castle Age
13:50 Double-Bit Axe
18:33 Bow Saw
20:27 Horse Collar
22:40 Wheelbarrow
22:07 Heavy Plow
24:27 Hand Cart
24:48 Gold Mining
24:50 Stone Mining
25:17 Fletching
27:46 Stone Shaft Mining
30:50 Imperial Age
29:18 Treadmill Crane
30:38 Fortified Wall
31:05 Bodkin Arrow
31:18 Town Watch
31:50 Bloodlines
31:42 Husbandry
31:04 Light Cavalry
31:48 Bracer
31:56 Scale Barding Armor
31:13 Elite Skirmisher
32:00 Hussar
33:07 Chain Barding Armor
32:59 Forging
32:51 Padded Archer Armor
33:57 Leather Archer Armor
34:19 Iron Casting
35:17 Conscription
35:04 Aznauri Cavalry
35:48 Plate Barding Armor
36:34 Blast Furnace
Connection lost

Rejoining the realm…

Still unreachable

The connection could not be restored.

Session expired

The server has moved on; the page needs a fresh start.